 Dungeon Crawl Stone Soup version 0.31-a0-1308-ga3cce3a448 (webtiles) character file.

Game seed: 10310361394437285604

7981 pokeman the Eclecticist (level 11, -1/62 (64) HPs)
             Began as a Deep Elf Hedge Wizard on Dec 19, 2023.
             Was a Priest of Vehumet.
             Killed from afar by an acid dragon (19 damage)
             ... with a splash of acid
             ... on level 9 of the Dungeon on Dec 20, 2023.
             The game lasted 00:24:12 (10113 turns).

pokeman the Eclecticist (Deep Elf Hedge Wizard)    Turns: 10113, Time: 00:24:13

HP:   -1/62 (64)    AC:  7    Str:  7    XL:     11   Next: 3%
MP:   46/50         EV: 13    Int: 24    God:    Vehumet [***...]
Gold: 543           SH:  0    Dex: 14    Spells: 26/41 levels left

rFire   x . .        v - +10 hand axe "Lusir" {freeze, rF- MP+9 SInv}
rCold   . . .        (no shield)
rNeg    . . .        C - +0 steam dragon scales
rPois   +            A - +0 helmet
rElec   .            x - +1 cloak
rCorr   .            H - +1 pair of gloves
SInv    +            (no boots)
Will    +....        (no amulet)
Stlth   ++           I - ring of poison resistance
HPRegen 0.30/turn    u - ring of magical power
MPRegen 0.32/turn

%: no passive effects
@: corroded, on blink cooldown, lightly drained
A: no striking features
a: Renounce Religion


You were on level 9 of the Dungeon.
You worshipped Vehumet.
Vehumet was most pleased with you.
You visited 2 branches of the dungeon, and saw 10 of its levels.

You collected 543 gold pieces.

Inventory:

Hand Weapons
 v - the +10 hand axe "Lusir" (weapon) {freeze, rF- MP+9 SInv}
   (You took it off an orc priest on level 4 of the Dungeon)

   rF-:       It makes you vulnerable to fire.
   MP+9:      It affects your magic capacity (+9).
   SInv:      It lets you see invisible.
 w - a +2 quarterstaff of chaos
 y - the +1 hammer "Inkor" {freeze, rPois Will+ rCorr}
   (You found it on level 4 of the Dungeon)

   rPois:     It protects you from poison Will+: It increases your willpower.
   rCorr:     It protects you from acid and corrosion.
Missiles
 E - 3 throwing nets
 L - a curare-tipped dart
Armour
 x - a +1 cloak (worn)
 A - a +0 helmet (worn)
 C - +0 steam dragon scales (worn)
 F - a +0 kite shield of cold resistance
 G - a +2 leather armour of cold resistance
 H - a +1 pair of gloves (worn)
Jewellery
 b - a +6 ring of dexterity
 g - a +4 ring of protection
 u - a ring of magical power (right hand)
 B - a ring of resist corrosion
 I - a ring of poison resistance (left hand)
 J - a ring of protection from fire
Wands
 c - a wand of acid (9)
 D - a wand of paralysis (8)
 M - a wand of iceblast (2)
Scrolls
 e - 8 scrolls of identify {unknown}
 f - 6 scrolls of teleportation {unknown}
 i - 2 scrolls of summoning {unknown}
 l - 3 scrolls of enchant weapon {unknown}
 n - 2 scrolls of immolation {unknown}
 p - a scroll of noise {unknown}
 r - a scroll of poison {unknown}
 t - a scroll of brand weapon {unknown}
 z - 2 scrolls of vulnerability {unknown}
 N - a scroll of fog {unknown}
Potions
 a - 2 potions of cancellation {unknown}
 d - 3 potions of magic
 h - 2 potions of enlightenment {unknown}
 j - a potion of resistance {unknown}
 k - a potion of ambrosia {unknown}
 m - 3 potions of might {unknown}
 o - 3 potions of heal wounds {unknown}
 q - 2 potions of brilliance {unknown}
 s - 2 potions of curing {unknown}
 K - 2 potions of haste {unknown}


   Skills:
 + Level 5.5 Fighting
 - Level 3.0 Armour
 - Level 3.0 Dodging
 - Level 3.0 Stealth
 - Level 2.1 Shields
 * Level 15.6 Spellcasting
 + Level 9.2 Conjurations
 - Level 1.1 Summonings
 - Level 1.1 Translocations
 - Level 2.0 Air Magic
 - Level 2.0 Poison Magic


You had 26 spell levels left.
You knew the following spells:

 Your Spells              Type           Power      Damage    Failure   Level
a - Magic Dart            Conj           100%       1d8       1%          1
b - Mephitic Cloud        Conj/Pois/Air  40%        N/A       1%          3
c - Call Imp              Summ           48%        N/A       2%          2
d - Blink                 Tloc           48%        N/A       2%          2
e - Orb of Destruction    Conj           29%        9d9       16%         7

Your spell library contained the following spells:

 Spells                   Type           Power      Damage    Failure   Level
 Scorch                   Fire           36%        2d6       1%          2
 Apportation              Tloc           48%        N/A       1%          1
 Summon Small Mammal      Summ           96%        N/A       1%          1
 Hailstorm                Conj/Ice       40%        3d9       1%          3
 Cigotuvi's Dreadful Rot  Necr/Pois/Air  50%        N/A       2%          2
 Inner Flame              Hex/Fire       18%        N/A       2%          3
 Necrotise                Necr           72%        1d7       3%          1
 Slow                     Hex            72%        N/A       3%          1
 Swiftness                Air            28%        N/A       3%          3
 Ensorcelled Hibernation  Hex/Ice        36%        N/A       4%          2
 Passwall                 Tmut/Erth      15%        N/A       4%          2
 Gell's Gravitas          Tloc           24%        N/A       5%          3
 Teleport Other           Tloc           24%        N/A       5%          3
 Summon Guardian Golem    Hex/Summ       21%        N/A       7%          3
 Passage of Golubria      Tloc           24%        N/A       19%         4
 Yara's Violent Unravell  Hex/Tmut       9%         3d6       21%         5
 Summon Ice Beast         Ice/Summ       21%        N/A       24%         4
 Silence                  Hex/Air        11%        N/A       50%         5
 Spellforged Servitor     Conj/Summ      21%        N/A       58%         7
 Dispersal                Tloc           12%        N/A       96%         6
 Simulacrum               Ice/Necr       9%         N/A       99%         6
 Lehudib's Crystal Spear  Conj/Erth      20%        10d6      99%         8
 Enfeeble                 Hex            9%         N/A       100%        7


Dungeon Overview and Level Annotations

Branches:
Dungeon (9/15)             Temple (1/1) D:4
   Lair: D:8-11         Orc: D:9-12

Altars:
Ashenzari
Cheibriados
Dithmenos
Elyvilon
Fedhas
Gozag
Hepliaklqana
Kikubaaqudgha
Makhleb
Nemelex Xobeh
Okawaru
Qazlal
Ru
Sif Muna
Trog
Uskayaw
Vehumet
Wu Jian
Xom
Yredelemnul
Zin
The Shining One

Annotations:
D:6 Loot behind grate
D:9 1 runed translucent door, ragingrage's ghost, journeyman FeFi


Message History

The puff of flame hits you but does no damage.
You hit the orc wizard. You freeze the orc wizard.
You kill the orc wizard!
Vehumet accepts your kill. The acid dragon bites you.
The acid dragon barely misses you.
The orc warrior shouts!
You slash the acid dragon! You freeze the acid dragon.
The acid dragon is moderately wounded.
The acid dragon barely misses you.
The acid dragon claws you but does no damage.
Unknown command.
You slash the acid dragon! You freeze the acid dragon.
The acid dragon is severely wounded.
The acid dragon spits acid at you. The splash of acid hits you!!
* * * LOW HITPOINT WARNING * * *
The acid corrodes you!
Unknown command.
Casting: Magic Dart (safe; 1% risk of failure)
Confirm with . or Enter, or press ? or * to list all spells.
You blink.
Unknown command.
Casting: Blink (safe; 2% risk of failure)
Confirm with . or Enter, or press ? or * to list all spells.
Aiming: Mephitic Cloud (safe; 1% risk of failure)
Press: ? - help, Shift-Dir - straight line, f - orc warrior
Aim: an orc warrior, wielding a +0 flail, wearing a +0 plate armour and wearing a ring of flight (chance to affect: 81%)
The ball explodes into a vile cloud!
The stinking cloud engulfs the orc warrior but does no damage.
The orc warrior is engulfed in noxious fumes.
The orc warrior appears confused.
Unknown command.
Aiming: Iceblast
Press: ? - help, Shift-Dir - straight line, f - acid dragon, p - orc warrior
Aim: an acid dragon (severely wounded)
The mass of ice explodes!
The iceblast engulfs the acid dragon.
The acid dragon is almost dead.
The acid dragon spits acid at you. The splash of acid hits you!!
You die...

#### #..#..#.... ....
#..#..#...##...#
####..#..#........# ###
####....@............# (.#
# #...........#........#
..# .#.
...........#........# ..#
....####..☼o.............#
..#
.......#D.☼☼.............#
..#
......)#.☼#☼#.#.#........#
### #)).####'####.......#
..# #...)#..#
#...#........# ..#
#......## #~#.##.......#


You could see an orc warrior (confused) and an acid dragon (catching breath).

Vanquished Creatures
  A two-headed ogre (D:8)
  Joseph (D:7)
  Maggie (D:6)
  A kobold demonologist (D:9)
  Jeremiah (D:6)
  3 trolls (D:9)
  3 hornets (D:9)
  A shadow (D:8)
  A wyvern (D:9)
  A wraith (D:9)
  A yak (D:9)
  2 steam dragons
  Eustachio (D:5)
  Edmund (D:6)
  2 water moccasins (D:6)
  Duvessa (D:5)
  An orc warrior (D:9)
  A sky beast (D:7)
  3 black bears
  2 ogres
  2 centaurs
  5 phantoms
  3 kobold brigands
  3 bullfrogs
  5 gnoll sergeants
  2 scorpions
  4 wights (D:7)
  Dowan (D:5)
  5 killer bees (D:8)
  A howler monkey (D:9)
  4 hounds
  Crazy Yiuf (D:4)
  6 orc priests
  2 jellies
  A gnoll bouda (D:7)
  3 iguanas
  8 orc wizards
  23 gnolls
  7 adders
  A shadow imp (D:7)
  2 white imps
  2 ufetubi (D:5)
  A worm (D:2)
  3 dart slugs
  23 orcs
  7 ball pythons
  3 bats
  2 endoplasms
  7 giant cockroaches
  4 hobgoblins
  6 jackals
  9 kobolds
  3 quokkas
  2 frilled lizards
  7 goblins
  10 rats
207 creatures vanquished.

Vanquished Creatures (collateral kills)
  2 orcs (D:6)
2 creatures vanquished.

Grand Total: 209 creatures vanquished

Notes
Turn   | Place    | Note
-------+----------+-------------------------------------------
     0 | D:1      | pokeman the Deep Elf Hedge Wizard began the quest for the
                  | Orb.
     0 | D:1      | Reached XP level 1. HP: 10/10 MP: 7/7
   283 | D:1      | Reached XP level 2. HP: 13/16 MP: 0/9
  1007 | D:2      | Reached skill level 5 in Spellcasting
  1124 | D:1      | Reached XP level 3. HP: 13/20 MP: 2/11
  1128 | D:1      | Learned a level 3 spell: Mephitic Cloud
  1131 | D:1      | Learned a level 2 spell: Call Imp
  1134 | D:1      | Learned a level 2 spell: Blink
  1248 | D:2      | Reached skill level 1 in Fighting
  1248 | D:2      | Reached skill level 1 in Armour
  1574 | D:2      | Reached XP level 4. HP: 25/25 MP: 4/13
  1959 | D:2      | Found an ornate altar of the Wu Jian Council.
  3210 | D:3      | Found a hazy altar of Hepliaklqana.
  3524 | D:4      | Reached skill level 6 in Spellcasting
  3563 | D:4      | Reached XP level 5. HP: 29/29 MP: 15/15
  3705 | D:4      | Identified the +10 hand axe "Lusir" {freeze, rF- MP+9 SInv}
  3777 | D:4      | Reached skill level 1 in Air Magic
  3777 | D:4      | Reached skill level 1 in Poison Magic
  3980 | D:4      | Reached XP level 6. HP: 12/34 MP: 17/17
  3983 | D:4      | Reached skill level 1 in Shields
  4067 | D:4      | Found a staircase to the Ecumenical Temple.
  4074 | Temple   | Entered the Ecumenical Temple
  4150 | D:4      | Found a runed translucent door.
  4151 | D:4      | Noticed Crazy Yiuf
  4160 | D:4      | Killed Crazy Yiuf
  4168 | D:4      | Identified the +1 hammer "Inkor" {freeze, rPois Will+
                  | rCorr}
  4240 | D:4      | Found a stormy altar of Qazlal.
  4637 | D:5      | Entered Level 5 of the Dungeon
  4637 | D:5      | Found a hide-covered altar of Uskayaw.
  4693 | D:5      | Reached skill level 7 in Spellcasting
  4811 | D:5      | Reached XP level 7. HP: 13/38 MP: 19/19
  4991 | D:5      | Reached skill level 8 in Spellcasting
  5221 | D:5      | Noticed Eustachio
  5229 | D:5      | Noticed Duvessa
  5230 | D:5      | Killed Eustachio
  5232 | D:5      | Noticed Dowan
  5246 | D:5      | Killed Duvessa
  5247 | D:5      | Reached skill level 9 in Spellcasting
  5247 | D:5      | Reached XP level 8. HP: 41/43 MP: 23/23
  5259 | D:5      | Killed Dowan
  5377 | D:5      | Reached skill level 5 in Conjurations
  5539 | D:6      | Found a radiant altar of Vehumet.
  5546 | D:6      | Became a worshipper of Vehumet
  5583 | D:6      | Reached skill level 10 in Spellcasting
  5724 | D:6      | Found a glowing silver altar of Zin.
  5886 | D:6      | Noticed Maggie
  5899 | D:6      | Killed Maggie
  5900 | D:6      | Reached skill level 11 in Spellcasting
  5991 | D:6      | Noticed Edmund
  6002 | D:6      | Killed Edmund
  6003 | D:6      | Reached XP level 9. HP: 35/48 MP: 26/26
  6299 | D:6      | Identified the +0 ring mail of the Desert {Harm Dex-2
                  | Stlth+}
  6748 | D:6      | Noticed Jeremiah
  6775 | D:6      | Reached skill level 12 in Spellcasting
  6803 | D:6      | Killed Jeremiah
  6876 | D:6      | Reached * piety under Vehumet
  6876 | D:6      | Offered knowledge of Shock by Vehumet.
  7054 | D:6      | Found a shimmering blue altar of Sif Muna.
  7467 | D:7      | Reached skill level 13 in Spellcasting
  7668 | D:7      | Noticed Joseph
  7689 | D:7      | Killed Joseph
  7698 | D:7      | Reached XP level 10. HP: 19/56 MP: 29/29
  7848 | D:7      | Learned a level 7 spell: Orb of Destruction
  7855 | D:7      | Offered knowledge of Freeze by Vehumet.
  7886 | D:7      | Reached ** piety under Vehumet
  8081 | D:7      | Found a snail-covered altar of Cheibriados.
  8359 | D:8      | Noticed a two-headed ogre
  8377 | D:8      | Killed a two-headed ogre
  8663 | D:8      | Found a sacrificial altar of Ru.
  8669 | D:8      | Reached skill level 14 in Spellcasting
  9473 | D:9      | Found a runed translucent door.
  9477 | D:9      | Noticed ragingrage's ghost (journeyman FeFi)
  9638 | D:9      | Reached skill level 5 in Fighting
  9644 | D:9      | HP: 1/59 [gnoll sergeant/+3 heavy spear (3)]
  9648 | D:9      | Reached skill level 15 in Spellcasting
  9889 | D:9      | Offered knowledge of Scorch by Vehumet.
 10090 | D:9      | Reached XP level 11. HP: 50/64 MP: 32/32
 10101 | D:9      | Reached *** piety under Vehumet
 10113 | D:9      | Killed from afar by an acid dragon

Illustrated notes

Levels and vault maps discovered:
D:1:      dpeg_arrival_ratfight, layout_basic, minmay_misc_feat_encased
D:2:      layout_basic, serial_co_window_serial, co_window_paths_a,
          co_window_of_opportunity_a, co_window_paths_a, co_window_corner_a,
          co_window_paths_a, co_window_corner_b, co_window_2corner,
          co_window_broadway_a, co_window_unsneaky_path_d,
          co_window_of_opportunity_c, co_window_broadway_b, co_window_corner_b,
          basic_altar
D:3:      layout_rooms, mainiacjoe_overflow_alcove_1, minmay_misc_feat_hallway
D:4:      layout_loops_cross, grunt_qazlal_sundering, minmay_temple_entry_wispy,
          uniq_crazy_yiuf_cottage
D:5:      layout_cave_pools, nicolae_uskayaw_murder_on_the_dancefloor,
          minivault_11, minmay_fractal_squares_gapless_5, uniq_duvessa,
          uniq_eustachio
D:6:      layout_basic, zin_scriptorium, vehumet_crystals, marbit_many_paths,
          uniq_maggie, uniq_edmund, uniq_jeremiah
D:7:      layout_gridville, nicolae_overflow_hidden_temple, uniq_joseph
D:8:      layout_basic, hangedman_ru_absence
D:9:      layout_grid_maze, ebering_ghost_reflecting_pool, onia_ninara_cookie
Temple:   eino_temple_water

Skill      XL: |  1  2  3  4  5  6  7  8  9 10 |
---------------+-------------------------------+-----
Spellcasting   | 5 6 7 9 11 13 15 | 15.6
Fighting       | 1 2 3 5 |  5.5
Armour         | 1 3 |  3.0
Conjurations   | 2 3 4 6 7 9 |  9.2
Stealth        | 3 |  3.0
Dodging        | 3 |  3.0
Air Magic      | 1 2 |  2.0
Poison Magic   | 1 2 |  2.0
Shields        | 1 2 |  2.1
Summonings     | |  1.1
Translocations | |  1.1

Action                     |  1- 3 |  4- 6 |  7- 9 | 10-12 || total
---------------------------+-------+-------+-------+-------++-------
  Melee: Dagger            |    23 |       |       |       ||    23
         Falchion          |       |    26 |       |       ||    26
         Hand axe          |       |    20 |   157 |   105 ||   282
         Punch             |       |       |     2 |     1 ||     3
   Cast: Magic Dart        |    74 |   135 |   120 |    97 ||   426
         Mephitic Cloud    |     2 |    10 |    32 |    29 ||    73
         Call Imp          |     1 |       |     1 |     3 ||     5
         Blink             |       |       |     1 |     3 ||     4
  Evoke: Wand              |       |       |       |     2 ||     2
   Stab: Sleeping          |       |     2 |     2 |       ||     4
         Confused          |       |     3 |    12 |    11 ||    26
         Paralysed         |       |       |       |     1 ||     1
 Armour: Robe              |    23 |    33 |    35 |       ||    91
         Steam dragon scal |       |       |    61 |    91 ||   152
  Dodge: Dodged            |    21 |    44 |    95 |    93 ||   253

Table legend: (Time is in decaauts)
 A = Elapsed time spent in this place.
 B = Non-inter-level travel time spent in this place.
 C = Inter-level travel time spent in this place.
 D = Time resting spent in this place.
 E = Time spent auto-exploring this place.
 F = Levels seen in this place.
 G = Mean time per level.
                   A        B        C        D        E       F      G
               +--------+--------+--------+--------+--------+-----+--------+
         Total |  10195 |   9913 |    282 |    486 |   7739 |  10 | 1019.5 |
       Dungeon |  10193 |   9911 |    282 |    486 |   7739 |   9 | 1132.6 |
        Temple |      1 |      1 |      0 |      0 |      0 |   1 |    1.0 |
               +--------+--------+--------+--------+--------+-----+--------+

Top non-repeatable levels by time:
     D:6: 1614 daAuts
     D:2: 1458 daAuts
     D:7: 1388 daAuts
     D:4: 1225 daAuts
     D:1: 1059 daAuts
     D:8: 970 daAuts
     D:5: 916 daAuts
     D:3: 888 daAuts
     D:9: 671 daAuts
  Temple: 1 daAuts
